[ AOE2 MATCH · #495606051 ]
UnrankedMagyars vs Burgundians
[ REPLAY ANALYSIS · EXTRACTED FROM THE RECORDED GAME ]
Feudal
15:32
Castle
23:36
Imperial
48:00
| APM avg | 20.6 |
| APM peak | 91 |
| eAPM avg | 16.1 |
| Villagers / military | 128 / 193 |
Focus
⚔️ 36.7% · 🌾 63.3%
Spearman ×102 · Scout Cavalry ×80 · Scorpion ×8 · Battering Ram ×3
Feudal
13:21
Castle
23:29
Imperial
—
| APM avg | 39.7 |
| APM peak | 67 |
| eAPM avg | 20.7 |
| Villagers / military | 105 / 150 |
Focus
⚔️ 23.6% · 🌾 76.4%
Knight ×113 · Scout Cavalry ×27 · Spearman ×6 · Trade Cart ×3 · Battering Ram ×2 · Monk ×1
Feudal
15:01
Castle
18:56
Imperial
34:37
| APM avg | 29.7 |
| APM peak | 58 |
| eAPM avg | 15.4 |
| Villagers / military | 110 / 11 |
Focus
⚔️ 39.2% · 🌾 60.8%
Unknown (2550) ×85 · Unknown (2586) ×48 · Unknown (2562) ×28 · Fishing Ship ×8 · Spearman ×5 · Trebuchet (Packed) ×3
Feudal
13:52
Castle
18:47
Imperial
41:17
| APM avg | 30.9 |
| APM peak | 69 |
| eAPM avg | 16.8 |
| Villagers / military | 93 / 72 |
Focus
⚔️ 13.3% · 🌾 86.7%
Knight ×39 · Teutonic Knight ×26 · Mangonel ×7
Feudal
14:03
Castle
23:29
Imperial
46:24
| APM avg | 22.4 |
| APM peak | 59 |
| eAPM avg | 12.5 |
| Villagers / military | 131 / 63 |
Focus
⚔️ 22.4% · 🌾 77.6%
Spearman ×27 · Throwing Axeman ×21 · Knight ×13 · Scout Cavalry ×2
Feudal
13:30
Castle
17:25
Imperial
34:50
| APM avg | 13.4 |
| APM peak | 45 |
| eAPM avg | 10.2 |
| Villagers / military | 187 / 108 |
Focus
⚔️ 34.8% · 🌾 65.2%
Hand Cannoneer ×69 · Bombard Cannon ×21 · Camel Scout ×18
Feudal
13:19
Castle
29:44
Imperial
—
| APM avg | 34.6 |
| APM peak | 99 |
| eAPM avg | 13.0 |
| Villagers / military | 79 / 29 |
Focus
⚔️ 19.7% · 🌾 80.3%
Archer ×19 · Scout Cavalry ×6 · Mangonel ×4
Feudal
13:23
Castle
18:50
Imperial
35:51
| APM avg | 30.4 |
| APM peak | 80 |
| eAPM avg | 23.0 |
| Villagers / military | 134 / 156 |
Focus
⚔️ 34.3% · 🌾 65.7%
Archer ×56 · Knight ×49 · Scout Cavalry ×41 · Trebuchet (Packed) ×10
Match map
Initial resources + every placement click. Lines = walls · curves = elevation contours. ◆ gold · ⬟ stone · ● berries · ✦ relic · ◌ wall gap
Your base· Open — unwalled flank
CDLP_Themachine's base· Open — 6t gap
EcosMin7's base· Open — unwalled flank
NY-HENRY's base· Open — 6t gap
kpearcechauhann's base· Open — unwalled flank
Darth MBAG's base· Open — unwalled flank
oveja83's base· Open — unwalled flank
Bela's base· Open — unwalled flank
Smoothed initial terrain · ◌ = detected wall gap · hover for details
Inputs per minute
— louis.denayer - - CDLP_Themachine
Build order — louis.denayer
First 150 of 486 actions detected
| 0:23 | Build | Town Center |
| 2:16 | Build | House |
| 2:25 | Build | House |
| 2:46 | Create | Villager (Male) |
| 2:46 | Create | Villager (Male) |
| 2:47 | Create | Villager (Male) |
| 2:47 | Create | Villager (Male) |
| 3:08 | Build | Mill |
| 4:13 | Create | Villager (Male) |
| 4:47 | Create | Villager (Male) |
| 4:55 | Build | Farm |
| 5:28 | Create | Villager (Male) |
| 5:28 | Create | Villager (Male) |
| 5:40 | Build | Farm |
| 5:58 | Build | Farm |
| 6:27 | Build | Farm |
| 6:44 | Build | Farm |
| 6:56 | Create | Villager (Male) |
| 7:25 | Build | Farm |
| 7:38 | Create | Villager (Male) |
| 8:07 | Create | Villager (Male) |
| 8:13 | Build | Farm |
| 8:41 | Create | Villager (Male) |
| 8:50 | Build | Farm |
| 9:09 | Build | House |
| 9:17 | Create | Villager (Male) |
| 9:18 | Create | Villager (Male) |
| 9:37 | Build | Lumber Camp |
| 9:51 | Build | Lumber Camp |
| 9:55 | Create | Villager (Male) |
| 10:09 | Build | Farm |
| 10:12 | Create | Villager (Male) |
| 10:43 | Build | Farm |
| 10:51 | Create | Villager (Male) |
| 11:10 | Build | Farm |
| 11:16 | Create | Villager (Male) |
| 11:35 | Build | Farm |
| 11:43 | Create | Villager (Male) |
| 11:58 | Build | House |
| 12:37 | Create | Villager (Male) |
| 12:57 | Build | Lumber Camp |
| 13:02 | Create | Villager (Male) |
| 13:22 | Research | Feudal Age |
| 13:23 | Research | Feudal Age |
| 14:05 | Build | Barracks |
| 14:28 | Build | House |
| 14:30 | Build | House |
| 14:39 | Create | Villager (Male) |
| 14:39 | Create | Villager (Male) |
| 14:39 | Create | Villager (Male) |
| 15:01 | Create | Villager (Male) |
| 15:03 | Create | Villager (Male) |
| 15:32 | Age | Feudal Age |
| 15:39 | Build | Blacksmith |
| 15:49 | Create | Villager (Male) |
| 16:15 | Build | Farm |
| 16:33 | Build | Farm |
| 16:33 | Build | Farm |
| 18:07 | Create | Villager (Male) |
| 18:08 | Create | Villager (Male) |
| 18:29 | Create | Villager (Male) |
| 18:53 | Build | Stable |
| 19:04 | Create | Villager (Male) |
| 19:05 | Create | Villager (Male) |
| 19:16 | Research | Horse Collar |
| 19:25 | Research | Double-Bit Axe |
| 19:45 | Build | Farm |
| 19:52 | Build | Farm |
| 20:10 | Create | Villager (Male) |
| 20:18 | Build | House |
| 20:19 | Build | House |
| 20:20 | Build | House |
| 20:56 | Research | Castle Age |
| 20:56 | Research | Castle Age |
| 21:08 | Build | Palisade Wall |
| 21:26 | Create | Villager (Male) |
| 21:50 | Build | Farm |
| 22:57 | Research | Bloodlines |
| 22:58 | Create | Scout Cavalry |
| 22:58 | Create | Scout Cavalry |
| 22:58 | Create | Scout Cavalry |
| 22:59 | Create | Scout Cavalry |
| 22:59 | Create | Scout Cavalry |
| 23:07 | Create | Scout Cavalry |
| 23:07 | Create | Scout Cavalry |
| 23:07 | Create | Scout Cavalry |
| 23:36 | Age | Castle Age |
| 23:40 | Build | Town Center |
| 23:45 | Build | Town Center |
| 24:07 | Create | Villager (Male) |
| 24:07 | Create | Villager (Male) |
| 24:07 | Create | Villager (Male) |
| 24:08 | Create | Villager (Male) |
| 24:20 | Create | Villager (Male) |
| 24:20 | Create | Villager (Male) |
| 24:45 | Create | Villager (Male) |
| 24:50 | Create | Villager (Male) |
| 24:50 | Create | Villager (Male) |
| 24:57 | Build | Farm |
| 24:58 | Build | Farm |
| 25:00 | Build | Farm |
| 25:03 | Build | Farm |
| 25:10 | Create | Villager (Male) |
| 25:11 | Create | Villager (Male) |
| 25:14 | Create | Villager (Male) |
| 25:14 | Create | Villager (Male) |
| 25:20 | Create | Villager (Male) |
| 25:37 | Build | Mill |
| 25:42 | Build | Farm |
| 25:43 | Build | Farm |
| 25:45 | Build | Farm |
| 25:53 | Create | Villager (Male) |
| 25:53 | Create | Villager (Male) |
| 25:56 | Create | Villager (Male) |
| 25:56 | Create | Villager (Male) |
| 26:06 | Create | Villager (Male) |
| 26:28 | Build | Farm |
| 26:47 | Create | Villager (Male) |
| 26:51 | Create | Villager (Male) |
| 26:51 | Create | Villager (Male) |
| 26:51 | Create | Villager (Male) |
| 26:52 | Create | Villager (Male) |
| 26:52 | Create | Villager (Male) |
| 27:05 | Build | House |
| 27:06 | Build | House |
| 27:07 | Build | House |
| 27:08 | Build | House |
| 27:10 | Build | House |
| 27:22 | Create | Villager (Male) |
| 27:25 | Create | Villager (Male) |
| 27:25 | Create | Villager (Male) |
| 27:25 | Create | Villager (Male) |
| 27:36 | Build | Farm |
| 27:38 | Build | Farm |
| 27:39 | Build | Farm |
| 27:50 | Build | Farm |
| 27:51 | Build | Farm |
| 27:52 | Build | Farm |
| 28:10 | Research | Heavy Plow |
| 28:26 | Build | Siege Workshop |
| 28:31 | Create | Villager (Male) |
| 28:31 | Create | Villager (Male) |
| 28:32 | Create | Villager (Male) |
| 28:32 | Create | Villager (Male) |
| 28:32 | Create | Villager (Male) |
| 28:33 | Create | Villager (Male) |
| 28:33 | Create | Villager (Male) |
| 28:47 | Build | Lumber Camp |
| 29:30 | Build | Stable |
| 29:40 | Build | Stable |
Build order — CDLP_Themachine
First 150 of 310 actions detected
| 1:07 | Build | Town Center |
| 2:09 | Build | House |
| 3:01 | Create | Villager (Male) |
| 3:01 | Create | Villager (Male) |
| 3:02 | Create | Villager (Male) |
| 3:02 | Create | Villager (Male) |
| 3:02 | Create | Villager (Male) |
| 4:20 | Create | Villager (Male) |
| 4:20 | Create | Villager (Male) |
| 4:50 | Build | House |
| 4:55 | Build | Lumber Camp |
| 4:59 | Create | Villager (Male) |
| 4:59 | Create | Villager (Male) |
| 5:11 | Create | Villager (Male) |
| 5:48 | Create | Villager (Male) |
| 5:48 | Create | Villager (Male) |
| 6:22 | Build | House |
| 6:26 | Create | Villager (Male) |
| 6:26 | Create | Villager (Male) |
| 6:26 | Create | Villager (Male) |
| 7:02 | Create | Villager (Male) |
| 7:02 | Create | Villager (Male) |
| 7:41 | Research | Loom |
| 7:56 | Create | Villager (Male) |
| 7:56 | Create | Villager (Male) |
| 8:49 | Build | Mill |
| 8:53 | Create | Villager (Male) |
| 8:54 | Create | Villager (Male) |
| 8:54 | Create | Villager (Male) |
| 9:37 | Create | Villager (Male) |
| 9:37 | Create | Villager (Male) |
| 9:37 | Create | Villager (Male) |
| 10:22 | Build | House |
| 10:40 | Build | Barracks |
| 11:11 | Research | Feudal Age |
| 11:45 | Build | Palisade Gate |
| 11:51 | Build | Palisade Wall |
| 12:01 | Build | House |
| 12:06 | Build | Palisade Wall |
| 13:21 | Age | Feudal Age |
| 13:24 | Build | Stable |
| 13:36 | Research | Double-Bit Axe |
| 13:41 | Create | Villager (Male) |
| 13:41 | Create | Villager (Male) |
| 14:18 | Build | Stable |
| 14:29 | Create | Scout Cavalry |
| 14:29 | Create | Scout Cavalry |
| 14:31 | Create | Villager (Male) |
| 14:31 | Create | Villager (Male) |
| 15:05 | Create | Scout Cavalry |
| 15:14 | Build | Blacksmith |
| 15:18 | Build | House |
| 16:04 | Create | Scout Cavalry |
| 16:05 | Create | Villager (Male) |
| 16:05 | Create | Villager (Male) |
| 16:05 | Create | Villager (Male) |
| 17:08 | Build | Mining Camp |
| 17:18 | Create | Spearman |
| 17:18 | Create | Spearman |
| 17:42 | Build | Mill |
| 17:46 | Build | House |
| 17:47 | Build | House |
| 18:01 | Build | Palisade Wall |
| 18:26 | Build | Farm |
| 18:47 | Build | House |
| 18:50 | Build | House |
| 18:52 | Build | House |
| 19:02 | Create | Spearman |
| 19:30 | Build | Market |
| 20:33 | Build | Palisade Wall |
| 20:40 | Build | House |
| 20:42 | Build | House |
| 20:45 | Build | Farm |
| 20:47 | Build | Farm |
| 20:49 | Research | Castle Age |
| 21:01 | Build | House |
| 21:25 | Create | Spearman |
| 21:42 | Build | Farm |
| 21:43 | Build | Farm |
| 21:43 | Build | Farm |
| 21:44 | Build | Farm |
| 21:44 | Build | Farm |
| 22:41 | Build | Palisade Wall |
| 22:42 | Build | Palisade Wall |
| 23:06 | Create | Spearman |
| 23:06 | Create | Spearman |
| 23:29 | Age | Castle Age |
| 23:36 | Create | Knight |
| 24:06 | Create | Villager (Male) |
| 24:19 | Create | Villager (Male) |
| 24:34 | Build | Town Center |
| 24:46 | Build | Farm |
| 24:57 | Create | Villager (Male) |
| 24:57 | Create | Villager (Male) |
| 25:07 | Build | Farm |
| 25:26 | Create | Knight |
| 25:52 | Build | Farm |
| 25:53 | Create | Villager (Male) |
| 25:53 | Create | Villager (Male) |
| 25:54 | Create | Villager (Male) |
| 26:00 | Create | Villager (Male) |
| 26:01 | Create | Villager (Male) |
| 26:01 | Create | Villager (Male) |
| 26:01 | Create | Villager (Male) |
| 26:01 | Create | Villager (Male) |
| 26:09 | Research | Wheelbarrow |
| 26:24 | Build | House |
| 26:42 | Build | House |
| 27:01 | Build | Palisade Gate |
| 27:07 | Research | Horse Collar |
| 27:10 | Create | Villager (Male) |
| 27:10 | Create | Villager (Male) |
| 27:11 | Create | Villager (Male) |
| 27:11 | Create | Villager (Male) |
| 27:16 | Create | Villager (Male) |
| 27:16 | Create | Villager (Male) |
| 27:17 | Create | Villager (Male) |
| 27:17 | Create | Villager (Male) |
| 27:28 | Create | Knight |
| 27:28 | Create | Knight |
| 27:56 | Build | Siege Workshop |
| 28:00 | Build | Farm |
| 28:08 | Create | Knight |
| 28:09 | Create | Knight |
| 28:09 | Create | Knight |
| 28:12 | Build | Farm |
| 28:15 | Create | Villager (Male) |
| 28:15 | Create | Villager (Male) |
| 28:49 | Build | Farm |
| 28:51 | Create | Villager (Male) |
| 28:51 | Create | Villager (Male) |
| 28:52 | Create | Villager (Male) |
| 28:57 | Build | House |
| 28:58 | Build | House |
| 28:59 | Build | House |
| 29:00 | Build | House |
| 29:01 | Build | House |
| 29:14 | Create | Mangonel |
| 29:17 | Create | Knight |
| 29:17 | Create | Knight |
| 29:17 | Create | Knight |
| 29:31 | Build | Farm |
| 29:32 | Build | Farm |
| 29:32 | Build | Farm |
| 29:32 | Build | Farm |
| 29:32 | Build | Farm |
| 29:32 | Build | Farm |
| 29:33 | Build | Farm |
| 29:33 | Build | Farm |
| 29:33 | Build | Farm |
Build order — EcosMin7
First 150 of 460 actions detected
| 0:44 | Build | Town Center |
| 1:44 | Build | House |
| 3:07 | Create | Villager (Male) |
| 3:07 | Create | Villager (Male) |
| 3:07 | Create | Villager (Male) |
| 3:08 | Create | Villager (Male) |
| 3:32 | Build | House |
| 4:55 | Create | Villager (Male) |
| 4:56 | Create | Villager (Male) |
| 4:56 | Create | Villager (Male) |
| 4:56 | Create | Villager (Male) |
| 5:04 | Build | Settlement |
| 5:25 | Create | Villager (Male) |
| 6:05 | Create | Villager (Male) |
| 6:40 | Create | Villager (Male) |
| 7:02 | Create | Villager (Male) |
| 7:02 | Create | Villager (Male) |
| 7:02 | Create | Villager (Male) |
| 8:04 | Create | Villager (Male) |
| 8:04 | Create | Villager (Male) |
| 8:04 | Create | Villager (Male) |
| 8:12 | Build | House |
| 8:44 | Build | Palisade Wall |
| 8:58 | Create | Villager (Male) |
| 9:39 | Research | Loom |
| 9:53 | Create | Villager (Male) |
| 9:53 | Create | Villager (Male) |
| 9:54 | Create | Villager (Male) |
| 9:54 | Create | Villager (Male) |
| 10:02 | Create | Villager (Male) |
| 10:13 | Build | House |
| 10:18 | Build | House |
| 10:33 | Create | Villager (Male) |
| 10:40 | Build | House |
| 10:46 | Build | House |
| 10:54 | Build | House |
| 11:57 | Build | House |
| 12:07 | Build | Settlement |
| 12:12 | Research | Feudal Age |
| 13:53 | Create | Villager (Male) |
| 13:53 | Create | Villager (Male) |
| 13:53 | Create | Villager (Male) |
| 15:01 | Age | Feudal Age |
| 15:02 | Build | Market |
| 15:11 | Build | Blacksmith |
| 15:36 | Build | Barracks |
| 15:57 | Research | Castle Age |
| 16:33 | Build | Palisade Wall |
| 16:41 | Build | Palisade Wall |
| 17:08 | Build | Settlement |
| 18:41 | Build | House |
| 18:42 | Build | House |
| 18:56 | Age | Castle Age |
| 19:04 | Build | Town Center |
| 19:08 | Build | Town Center |
| 19:27 | Create | Villager (Male) |
| 19:28 | Create | Villager (Male) |
| 19:28 | Create | Villager (Male) |
| 19:28 | Create | Villager (Male) |
| 19:40 | Build | Palisade Wall |
| 19:45 | Build | Palisade Gate |
| 19:52 | Build | Palisade Wall |
| 20:14 | Create | Villager (Male) |
| 20:14 | Create | Villager (Male) |
| 20:14 | Create | Villager (Male) |
| 20:14 | Create | Villager (Male) |
| 20:15 | Create | Villager (Male) |
| 20:29 | Research | Squires |
| 20:45 | Build | Settlement |
| 20:48 | Create | Villager (Male) |
| 20:48 | Create | Villager (Male) |
| 20:50 | Create | Villager (Male) |
| 20:50 | Create | Villager (Male) |
| 20:51 | Create | Villager (Male) |
| 20:51 | Create | Villager (Male) |
| 20:51 | Create | Villager (Male) |
| 21:04 | Build | Dock |
| 21:07 | Create | Villager (Male) |
| 21:07 | Create | Villager (Male) |
| 21:08 | Create | Villager (Male) |
| 21:09 | Create | Villager (Male) |
| 21:09 | Create | Villager (Male) |
| 21:14 | Build | House |
| 21:15 | Build | House |
| 21:17 | Build | House |
| 21:30 | Create | Villager (Male) |
| 21:30 | Create | Villager (Male) |
| 22:15 | Research | Wheelbarrow |
| 22:33 | Create | Villager (Male) |
| 22:36 | Create | Villager (Male) |
| 22:36 | Create | Villager (Male) |
| 22:46 | Build | Monastery |
| 23:01 | Create | Fishing Ship |
| 23:01 | Create | Fishing Ship |
| 23:12 | Create | Villager (Male) |
| 23:42 | Build | Outpost |
| 23:47 | Create | Monk |
| 23:55 | Build | Fish Trap |
| 24:08 | Create | Villager (Male) |
| 24:09 | Create | Villager (Male) |
| 24:18 | Build | Town Center |
| 24:33 | Build | Fish Trap |
| 24:34 | Create | Demolition Raft |
| 24:35 | Create | Demolition Raft |
| 24:39 | Create | Fishing Ship |
| 24:39 | Create | Fishing Ship |
| 24:39 | Create | Fishing Ship |
| 24:41 | Create | Villager (Male) |
| 24:45 | Create | Villager (Male) |
| 24:46 | Create | Villager (Male) |
| 24:50 | Build | Farm |
| 24:50 | Build | Farm |
| 24:51 | Build | Farm |
| 24:51 | Build | Farm |
| 25:28 | Build | Fish Trap |
| 25:37 | Create | Spearman |
| 25:38 | Create | Spearman |
| 25:46 | Build | Farm |
| 25:46 | Build | Farm |
| 25:46 | Build | Farm |
| 25:47 | Build | Farm |
| 25:57 | Research | Double-Bit Axe |
| 26:00 | Create | Villager (Male) |
| 26:06 | Create | Villager (Male) |
| 26:12 | Build | Fish Trap |
| 26:19 | Build | House |
| 26:23 | Research | Scale Mail Armor |
| 26:27 | Build | House |
| 26:30 | Build | Palisade Wall |
| 26:46 | Create | Spearman |
| 26:46 | Create | Spearman |
| 26:51 | Build | Fish Trap |
| 26:57 | Create | Villager (Male) |
| 27:02 | Build | Farm |
| 27:02 | Build | Farm |
| 27:02 | Build | Farm |
| 27:03 | Build | Farm |
| 27:09 | Create | Villager (Male) |
| 27:09 | Create | Villager (Male) |
| 27:18 | Build | Stone Wall |
| 27:21 | Build | Gate |
| 27:24 | Create | Villager (Male) |
| 27:32 | Create | Villager (Male) |
| 27:38 | Create | Villager (Male) |
| 27:41 | Create | Villager (Male) |
| 27:41 | Create | Villager (Male) |
| 27:46 | Build | Farm |
| 27:50 | Build | Farm |
| 27:51 | Build | Farm |
| 27:51 | Build | Farm |
Build order — NY-HENRY
First 150 of 235 actions detected
| 0:27 | Build | Town Center |
| 2:43 | Research | Loom |
| 2:43 | Create | Villager (Male) |
| 2:43 | Create | Villager (Male) |
| 2:44 | Create | Villager (Male) |
| 2:44 | Create | Villager (Male) |
| 2:51 | Build | House |
| 3:37 | Build | House |
| 3:38 | Build | House |
| 3:41 | Build | House |
| 3:59 | Create | Villager (Male) |
| 3:59 | Create | Villager (Male) |
| 4:40 | Create | Villager (Male) |
| 4:56 | Build | Lumber Camp |
| 5:28 | Create | Villager (Male) |
| 5:59 | Create | Villager (Male) |
| 6:17 | Create | Villager (Male) |
| 6:52 | Build | Palisade Wall |
| 6:56 | Create | Villager (Male) |
| 7:25 | Create | Villager (Male) |
| 7:25 | Create | Villager (Male) |
| 7:25 | Create | Villager (Male) |
| 7:34 | Build | Palisade Wall |
| 7:56 | Create | Villager (Male) |
| 8:26 | Create | Villager (Male) |
| 8:26 | Create | Villager (Male) |
| 8:54 | Create | Villager (Male) |
| 8:54 | Create | Villager (Male) |
| 8:55 | Create | Villager (Male) |
| 9:09 | Create | Villager (Male) |
| 9:09 | Create | Villager (Male) |
| 9:23 | Create | Villager (Male) |
| 9:38 | Create | Villager (Male) |
| 10:31 | Build | Mill |
| 11:40 | Research | Feudal Age |
| 11:53 | Build | Mining Camp |
| 12:21 | Build | House |
| 13:52 | Create | Villager (Male) |
| 13:52 | Age | Feudal Age |
| 13:52 | Create | Villager (Male) |
| 14:11 | Build | Market |
| 14:26 | Build | Blacksmith |
| 15:13 | Build | Farm |
| 15:14 | Build | Farm |
| 15:15 | Build | Farm |
| 15:58 | Build | Stone Wall |
| 16:07 | Research | Castle Age |
| 16:23 | Build | House |
| 16:32 | Build | Palisade Wall |
| 18:47 | Age | Castle Age |
| 18:58 | Build | Castle |
| 19:09 | Build | Castle |
| 20:08 | Create | Villager (Male) |
| 20:08 | Create | Villager (Male) |
| 20:08 | Create | Villager (Male) |
| 21:31 | Build | Siege Workshop |
| 21:38 | Create | Villager (Male) |
| 21:38 | Create | Villager (Male) |
| 21:38 | Create | Villager (Male) |
| 22:07 | Create | Mangonel |
| 22:21 | Build | Farm |
| 22:27 | Build | Farm |
| 22:50 | Create | Mangonel |
| 23:28 | Create | Villager (Male) |
| 23:31 | Build | Farm |
| 23:32 | Build | Farm |
| 23:54 | Create | Mangonel |
| 23:59 | Build | Farm |
| 24:02 | Create | Villager (Male) |
| 24:26 | Create | Teutonic Knight |
| 25:12 | Build | Town Center |
| 25:20 | Create | Teutonic Knight |
| 25:20 | Create | Teutonic Knight |
| 25:59 | Create | Villager (Male) |
| 26:00 | Create | Villager (Male) |
| 26:36 | Build | Farm |
| 26:38 | Build | Farm |
| 26:40 | Build | Farm |
| 26:43 | Build | Farm |
| 26:47 | Build | Farm |
| 26:55 | Create | Teutonic Knight ×2 |
| 26:55 | Create | Teutonic Knight ×2 |
| 27:04 | Build | Farm |
| 27:25 | Create | Villager (Male) |
| 27:25 | Create | Villager (Male) |
| 27:25 | Create | Villager (Male) |
| 27:52 | Create | Villager (Male) |
| 27:52 | Create | Villager (Male) |
| 27:52 | Create | Villager (Male) |
| 28:36 | Create | Teutonic Knight ×3 |
| 29:11 | Create | Mangonel |
| 29:12 | Create | Mangonel |
| 29:12 | Create | Mangonel |
| 29:33 | Build | Farm |
| 30:10 | Create | Teutonic Knight ×4 |
| 30:10 | Create | Teutonic Knight ×4 |
| 30:24 | Create | Villager (Male) |
| 30:25 | Create | Villager (Male) |
| 31:11 | Create | Teutonic Knight ×2 |
| 31:11 | Create | Teutonic Knight ×2 |
| 31:57 | Create | Mangonel |
| 32:02 | Create | Villager (Male) |
| 32:02 | Create | Villager (Male) |
| 32:02 | Create | Villager (Male) |
| 32:03 | Create | Villager (Male) |
| 32:03 | Create | Villager (Male) |
| 32:15 | Build | Farm |
| 32:18 | Build | Farm |
| 32:20 | Build | Farm |
| 32:54 | Build | Farm |
| 32:56 | Build | Farm |
| 33:43 | Research | Forging |
| 33:44 | Research | Scale Mail Armor |
| 33:46 | Create | Teutonic Knight ×4 |
| 34:04 | Build | Mill |
| 34:42 | Build | Town Center |
| 35:46 | Build | Farm |
| 35:59 | Research | Wheelbarrow |
| 36:02 | Create | Villager (Male) |
| 36:02 | Create | Villager (Male) |
| 36:02 | Create | Villager (Male) |
| 36:02 | Create | Villager (Male) |
| 36:03 | Create | Villager (Male) |
| 36:03 | Create | Villager (Male) |
| 37:06 | Build | House |
| 37:07 | Build | House |
| 37:07 | Build | House |
| 37:07 | Build | House |
| 37:07 | Build | House |
| 37:08 | Build | House |
| 37:11 | Build | House |
| 37:49 | Build | Lumber Camp |
| 38:07 | Research | Imperial Age |
| 38:25 | Research | Scale Barding Armor |
| 39:06 | Build | Barracks |
| 39:27 | Research | Chain Barding Armor |
| 39:38 | Create | Villager (Male) |
| 39:38 | Create | Villager (Male) |
| 39:38 | Create | Villager (Male) |
| 39:38 | Create | Villager (Male) |
| 39:38 | Create | Villager (Male) |
| 39:39 | Create | Villager (Male) |
| 39:39 | Create | Villager (Male) |
| 39:39 | Create | Villager (Male) |
| 39:39 | Create | Villager (Male) |
| 40:33 | Build | Stable |
| 40:40 | Research | Iron Casting |
| 40:58 | Build | House |
| 40:58 | Build | House |
| 40:58 | Build | House |
Build order — kpearcechauhann
First 150 of 259 actions detected
| 1:38 | Build | Town Center |
| 1:56 | Build | House |
| 3:53 | Create | Villager (Male) |
| 3:53 | Create | Villager (Male) |
| 3:53 | Create | Villager (Male) |
| 3:53 | Create | Villager (Male) |
| 3:54 | Create | Villager (Male) |
| 4:32 | Build | House |
| 4:48 | Build | House |
| 5:08 | Build | House |
| 5:18 | Create | Villager (Male) |
| 5:18 | Create | Villager (Male) |
| 5:53 | Create | Villager (Male) |
| 5:53 | Create | Villager (Male) |
| 6:21 | Build | House |
| 6:28 | Create | Villager (Male) |
| 6:28 | Create | Villager (Male) |
| 6:47 | Create | Villager (Male) |
| 6:47 | Create | Villager (Male) |
| 6:47 | Create | Villager (Male) |
| 7:19 | Build | Mill |
| 7:30 | Create | Villager (Male) |
| 7:30 | Create | Villager (Male) |
| 8:02 | Create | Villager (Male) |
| 8:02 | Create | Villager (Male) |
| 8:02 | Create | Villager (Male) |
| 8:03 | Create | Villager (Male) |
| 9:22 | Create | Villager (Male) |
| 9:23 | Create | Villager (Male) |
| 9:42 | Create | Villager (Male) |
| 10:20 | Build | House |
| 10:26 | Create | Villager (Male) |
| 11:06 | Build | Mining Camp |
| 11:53 | Research | Feudal Age |
| 11:53 | Research | Feudal Age |
| 12:00 | Build | Mill |
| 13:01 | Build | Barracks |
| 13:31 | Build | House |
| 14:03 | Age | Feudal Age |
| 14:08 | Create | Villager (Male) |
| 14:08 | Create | Villager (Male) |
| 14:09 | Create | Villager (Male) |
| 14:32 | Build | Stable |
| 15:06 | Build | Mill |
| 15:19 | Create | Villager (Male) ×5 |
| 15:25 | Create | Scout Cavalry ×2 |
| 15:36 | Build | Farm |
| 15:42 | Build | Farm |
| 15:58 | Create | Spearman ×2 |
| 15:58 | Create | Spearman ×2 |
| 16:31 | Research | Loom |
| 16:31 | Research | Loom |
| 17:16 | Build | Farm |
| 17:17 | Build | Farm |
| 17:17 | Build | Farm |
| 17:17 | Build | Farm |
| 17:18 | Build | Farm |
| 17:41 | Create | Spearman ×3 |
| 17:57 | Build | Farm |
| 18:09 | Build | House |
| 18:50 | Create | Villager (Male) ×5 |
| 19:02 | Build | Farm |
| 19:03 | Build | Farm |
| 19:03 | Build | Farm |
| 19:27 | Build | Blacksmith |
| 19:37 | Create | Villager (Male) |
| 19:49 | Build | House |
| 19:55 | Build | House |
| 19:56 | Build | House |
| 19:57 | Build | House |
| 20:00 | Build | House |
| 20:50 | Research | Castle Age |
| 20:50 | Research | Castle Age |
| 21:22 | Build | House |
| 21:31 | Build | Farm |
| 21:31 | Build | Farm |
| 21:32 | Build | Farm |
| 21:34 | Build | Farm |
| 21:56 | Create | Spearman ×5 |
| 22:15 | Research | Scale Mail Armor |
| 22:16 | Research | Forging |
| 22:17 | Research | Scale Barding Armor |
| 22:53 | Research | Gold Mining |
| 23:17 | Create | Villager (Male) ×5 |
| 23:29 | Age | Castle Age |
| 23:49 | Build | Town Center |
| 24:04 | Research | Pikeman (upgrade) |
| 24:04 | Research | Pikeman (upgrade) |
| 24:05 | Research | Squires |
| 24:56 | Create | Villager (Male) ×5 |
| 25:20 | Create | Spearman ×5 |
| 25:31 | Create | Knight |
| 25:35 | Create | Villager (Male) ×5 |
| 25:45 | Build | Mining Camp |
| 25:54 | Research | Stone Mining |
| 25:54 | Research | Stone Mining |
| 26:31 | Build | Farm |
| 26:32 | Build | Farm |
| 26:32 | Build | Farm |
| 26:32 | Build | Farm |
| 26:32 | Build | Farm |
| 26:37 | Create | Villager (Male) |
| 26:37 | Create | Villager (Male) |
| 27:13 | Research | Wheelbarrow |
| 27:13 | Research | Wheelbarrow |
| 27:25 | Build | Farm |
| 27:30 | Create | Villager (Male) |
| 27:36 | Research | Gold Mining |
| 27:38 | Create | Villager (Male) ×4 |
| 27:57 | Build | Lumber Camp |
| 28:01 | Create | Villager (Male) |
| 28:08 | Build | Farm |
| 28:58 | Create | Villager (Male) ×5 |
| 29:04 | Create | Villager (Male) ×5 |
| 29:12 | Build | Farm |
| 29:13 | Build | Farm |
| 29:13 | Build | Farm |
| 29:14 | Build | Farm |
| 29:37 | Research | Town Watch |
| 29:37 | Research | Town Watch |
| 30:07 | Build | House |
| 30:08 | Build | House |
| 30:08 | Build | House |
| 30:08 | Build | House |
| 30:09 | Build | House |
| 30:09 | Build | House |
| 30:09 | Build | House |
| 30:09 | Build | House |
| 30:11 | Build | House |
| 30:12 | Build | House |
| 30:12 | Build | House |
| 30:12 | Build | House |
| 30:14 | Build | House |
| 30:28 | Build | Castle |
| 30:38 | Create | Villager (Male) ×5 |
| 30:46 | Create | Knight ×2 |
| 32:21 | Research | Hand Cart |
| 32:22 | Research | Hand Cart |
| 32:23 | Create | Villager (Male) ×5 |
| 32:34 | Build | Mining Camp |
| 32:41 | Research | Chain Mail Armor |
| 32:41 | Research | Chain Mail Armor |
| 33:12 | Create | Villager (Male) ×5 |
| 33:16 | Create | Villager (Male) ×5 |
| 33:33 | Build | Mining Camp |
| 33:38 | Build | House |
| 33:43 | Build | House |
| 33:43 | Build | House |
| 33:43 | Build | House |
| 33:43 | Build | House |
Build order — Darth MBAG
First 150 of 224 actions detected
| 0:45 | Build | Town Center |
| 2:56 | Create | Villager (Male) ×4 |
| 3:07 | Build | House |
| 3:09 | Build | House |
| 3:22 | Build | Mill |
| 3:48 | Create | Villager (Male) |
| 4:33 | Create | Villager (Male) |
| 4:57 | Create | Villager (Male) |
| 5:00 | Create | Villager (Male) |
| 5:26 | Create | Villager (Male) ×2 |
| 6:27 | Create | Villager (Male) ×3 |
| 7:35 | Create | Villager (Male) ×3 |
| 8:05 | Build | House |
| 8:07 | Build | House |
| 8:10 | Build | House |
| 8:18 | Research | Loom |
| 8:19 | Create | Villager (Male) ×4 |
| 9:06 | Create | Villager (Male) |
| 10:10 | Create | Villager (Male) ×9 |
| 10:32 | Build | Mining Camp |
| 11:20 | Research | Feudal Age |
| 11:53 | Build | Mill |
| 12:27 | Create | Villager (Male) |
| 12:27 | Create | Villager (Male) |
| 12:28 | Create | Villager (Male) |
| 13:30 | Age | Feudal Age |
| 13:32 | Build | Market |
| 13:40 | Build | Blacksmith |
| 14:39 | Research | Castle Age |
| 15:26 | Research | Gold Mining |
| 15:29 | Research | Horse Collar |
| 16:22 | Create | Villager (Male) |
| 16:23 | Create | Villager (Male) |
| 16:23 | Create | Villager (Male) |
| 17:25 | Age | Castle Age |
| 17:29 | Build | Town Center |
| 18:32 | Create | Villager (Male) |
| 18:32 | Create | Villager (Male) |
| 18:51 | Build | Town Center |
| 19:09 | Create | Villager (Male) |
| 19:09 | Create | Villager (Male) |
| 19:25 | Create | Villager (Male) ×12 |
| 19:33 | Build | Lumber Camp |
| 20:22 | Research | Wheelbarrow |
| 20:24 | Research | Town Watch |
| 20:26 | Create | Villager (Male) ×2 |
| 20:33 | Build | House |
| 20:34 | Build | House |
| 20:52 | Create | Villager (Male) |
| 21:23 | Build | Town Center |
| 21:34 | Create | Villager (Male) ×2 |
| 21:50 | Build | Mining Camp |
| 21:56 | Create | Villager (Male) |
| 22:19 | Build | Mill |
| 22:25 | Create | Villager (Male) ×2 |
| 22:58 | Create | Villager (Male) ×5 |
| 23:13 | Create | Villager (Male) ×2 |
| 23:27 | Create | Villager (Male) |
| 23:42 | Build | Barracks |
| 23:46 | Build | Siege Workshop |
| 23:49 | Create | Villager (Male) |
| 24:00 | Build | House |
| 24:03 | Build | House |
| 24:04 | Build | House |
| 24:05 | Build | House |
| 24:06 | Build | House |
| 24:15 | Create | Villager (Male) ×3 |
| 24:35 | Build | University |
| 24:38 | Build | House |
| 24:48 | Create | Villager (Male) ×3 |
| 25:05 | Build | Farm |
| 25:08 | Create | Villager (Male) ×4 |
| 25:25 | Build | Farm |
| 25:35 | Build | Mill |
| 25:47 | Create | Villager (Male) ×3 |
| 25:55 | Build | Farm |
| 25:59 | Build | Farm |
| 26:02 | Create | Villager (Male) ×7 |
| 26:09 | Build | Stable |
| 26:12 | Create | Villager (Male) |
| 26:27 | Build | Farm |
| 26:33 | Build | Farm |
| 26:37 | Create | Villager (Male) |
| 26:38 | Create | Villager (Male) |
| 26:47 | Build | Farm |
| 26:50 | Create | Villager (Male) ×2 |
| 27:03 | Build | Farm |
| 27:09 | Build | Farm |
| 27:11 | Create | Villager (Male) ×4 |
| 27:24 | Build | Stable |
| 27:33 | Build | Mill |
| 27:46 | Build | Farm |
| 27:51 | Build | Farm |
| 27:58 | Create | Villager (Male) ×10 |
| 28:03 | Build | House |
| 28:04 | Build | House |
| 28:06 | Build | House |
| 28:07 | Build | House |
| 28:08 | Build | House |
| 28:09 | Build | House |
| 28:11 | Build | House |
| 28:12 | Build | House |
| 28:39 | Build | Castle |
| 28:57 | Create | Villager (Male) |
| 28:57 | Create | Villager (Male) |
| 29:04 | Build | Farm |
| 29:06 | Build | Farm |
| 29:18 | Research | Heavy Plow |
| 29:23 | Research | Gold Shaft Mining |
| 29:24 | Research | Stone Mining |
| 29:33 | Research | Double-Bit Axe |
| 29:44 | Build | Mining Camp |
| 29:50 | Build | Farm |
| 29:52 | Build | Farm |
| 29:56 | Create | Villager (Male) ×13 |
| 30:03 | Build | House |
| 30:04 | Build | House |
| 30:05 | Build | House |
| 30:06 | Build | House |
| 30:07 | Build | House |
| 30:07 | Build | House |
| 30:47 | Create | Villager (Male) |
| 30:47 | Create | Villager (Male) |
| 30:47 | Create | Villager (Male) |
| 30:58 | Build | Mining Camp |
| 31:03 | Build | Farm |
| 31:07 | Build | Farm |
| 31:15 | Create | Villager (Male) |
| 31:16 | Create | Villager (Male) |
| 31:16 | Create | Villager (Male) |
| 31:16 | Create | Villager (Male) |
| 31:30 | Build | Mill |
| 31:36 | Research | Imperial Age |
| 31:49 | Build | Mining Camp |
| 32:05 | Research | Ballistics |
| 32:08 | Research | Murder Holes |
| 32:10 | Research | Masonry |
| 32:18 | Research | Padded Archer Armor |
| 32:33 | Build | Castle |
| 32:40 | Build | Mill |
| 32:51 | Research | Husbandry |
| 32:51 | Research | Bloodlines |
| 33:02 | Create | Villager (Male) ×7 |
| 33:28 | Research | Scale Barding Armor |
| 33:46 | Research | Hand Cart |
| 33:57 | Create | Villager (Male) ×10 |
| 33:58 | Create | Villager (Male) |
| 34:03 | Build | Farm |
| 34:35 | Build | Archery Range |
| 34:37 | Build | Archery Range |
Build order — oveja83
First 150 of 216 actions detected
| 0:13 | Build | Town Center |
| 1:16 | Build | House |
| 2:34 | Create | Villager (Male) ×4 |
| 4:19 | Research | Loom |
| 4:25 | Create | Villager (Male) |
| 4:59 | Create | Villager (Male) |
| 4:59 | Create | Villager (Male) |
| 4:59 | Create | Villager (Male) |
| 5:42 | Create | Villager (Male) |
| 5:43 | Create | Villager (Male) |
| 5:53 | Create | Villager (Male) |
| 5:53 | Create | Villager (Male) |
| 5:53 | Create | Villager (Male) |
| 5:53 | Create | Villager (Male) |
| 5:54 | Create | Villager (Male) |
| 5:54 | Create | Villager (Male) |
| 6:11 | Build | House |
| 6:43 | Build | House |
| 7:19 | Create | Villager (Male) |
| 8:05 | Build | Mill |
| 8:22 | Create | Villager (Male) |
| 8:41 | Build | Farm |
| 8:55 | Build | Farm |
| 8:58 | Build | Farm |
| 9:01 | Create | Villager (Male) |
| 9:06 | Build | Farm |
| 9:10 | Build | Farm |
| 9:22 | Create | Villager (Male) |
| 9:37 | Create | Villager (Male) |
| 10:14 | Build | Barracks |
| 10:22 | Create | Villager (Male) |
| 10:55 | Create | Villager (Male) |
| 11:09 | Research | Feudal Age |
| 11:10 | Research | Feudal Age |
| 11:10 | Research | Feudal Age |
| 11:37 | Build | Lumber Camp |
| 13:10 | Build | Farm |
| 13:11 | Build | Farm |
| 13:13 | Create | Villager (Male) |
| 13:19 | Age | Feudal Age |
| 13:23 | Build | Stable |
| 13:25 | Build | House |
| 13:28 | Research | Town Watch |
| 13:31 | Create | Villager (Male) |
| 13:38 | Build | Farm |
| 13:41 | Build | Blacksmith |
| 13:52 | Research | Double-Bit Axe |
| 13:53 | Research | Double-Bit Axe |
| 13:57 | Build | House |
| 14:05 | Create | Villager (Male) |
| 14:17 | Create | Scout Cavalry |
| 14:17 | Create | Scout Cavalry |
| 14:23 | Build | House |
| 14:26 | Create | Villager (Male) |
| 14:43 | Build | Farm |
| 14:45 | Build | Farm |
| 14:54 | Research | Forging |
| 15:01 | Build | Farm |
| 15:06 | Build | Farm |
| 15:16 | Build | Watch Tower |
| 15:18 | Create | Villager (Male) |
| 15:18 | Create | Villager (Male) |
| 15:29 | Create | Villager (Male) |
| 15:29 | Create | Villager (Male) |
| 15:29 | Create | Villager (Male) |
| 15:49 | Build | Mill |
| 16:11 | Create | Scout Cavalry |
| 16:13 | Create | Villager (Male) |
| 16:14 | Create | Villager (Male) |
| 16:39 | Create | Villager (Male) |
| 16:39 | Create | Villager (Male) |
| 17:11 | Build | Market |
| 17:13 | Build | House |
| 17:14 | Create | Villager (Male) |
| 17:15 | Create | Villager (Male) |
| 17:50 | Create | Scout Cavalry |
| 17:51 | Create | Scout Cavalry |
| 18:03 | Create | Scout Cavalry |
| 18:09 | Build | Farm |
| 18:10 | Build | Farm |
| 18:10 | Build | Farm |
| 18:10 | Build | Farm |
| 18:10 | Build | Farm |
| 18:18 | Create | Villager (Male) |
| 18:19 | Create | Villager (Male) |
| 18:19 | Create | Villager (Male) |
| 18:57 | Build | Barracks |
| 19:51 | Build | Mining Camp |
| 20:00 | Create | Villager (Male) |
| 20:00 | Create | Villager (Male) |
| 20:37 | Create | Villager (Male) |
| 20:57 | Research | Scale Barding Armor |
| 21:32 | Create | Villager (Male) |
| 21:33 | Create | Villager (Male) |
| 21:40 | Build | Archery Range |
| 22:20 | Create | Villager (Male) |
| 22:26 | Build | Archery Range |
| 22:31 | Research | Wheelbarrow |
| 24:58 | Build | Town Center |
| 25:24 | Research | Bloodlines |
| 25:48 | Create | Archer |
| 25:48 | Create | Archer |
| 25:49 | Create | Archer |
| 25:50 | Create | Archer |
| 25:50 | Create | Archer |
| 26:07 | Build | House |
| 26:09 | Build | House |
| 26:12 | Build | House |
| 26:50 | Create | Archer |
| 26:51 | Create | Archer |
| 26:53 | Create | Villager (Male) |
| 26:54 | Create | Villager (Male) |
| 27:02 | Research | Castle Age |
| 27:12 | Build | Mining Camp |
| 27:21 | Create | Archer |
| 27:23 | Create | Archer |
| 27:25 | Research | Fletching |
| 27:43 | Build | Lumber Camp |
| 27:50 | Build | House |
| 28:59 | Build | Archery Range |
| 29:02 | Build | Archery Range |
| 29:38 | Research | Padded Archer Armor |
| 29:44 | Age | Castle Age |
| 29:51 | Research | Bodkin Arrow |
| 30:10 | Research | Crossbowman (upgrade) |
| 30:55 | Create | Archer |
| 30:56 | Create | Archer |
| 30:56 | Create | Archer |
| 30:57 | Create | Archer |
| 30:57 | Create | Archer |
| 30:57 | Create | Archer |
| 31:20 | Create | Archer |
| 31:20 | Create | Archer |
| 31:21 | Create | Archer |
| 31:21 | Create | Archer |
| 35:24 | Build | Town Center |
| 35:46 | Build | Town Center |
| 36:26 | Build | House |
| 36:43 | Build | Market |
| 37:21 | Build | Town Center |
| 37:43 | Build | House |
| 37:46 | Build | House |
| 37:48 | Build | House |
| 37:49 | Build | House |
| 37:56 | Create | Villager (Male) |
| 38:07 | Build | Farm |
| 38:08 | Build | Farm |
| 38:09 | Build | Farm |
| 38:09 | Build | Farm |
| 38:14 | Build | Mill |
Build order — Bela
First 150 of 527 actions detected
| 0:24 | Build | Town Center |
| 0:29 | Build | House |
| 0:31 | Build | House |
| 0:34 | Build | House |
| 0:35 | Build | House |
| 2:35 | Create | Villager (Male) |
| 2:35 | Create | Villager (Male) |
| 2:35 | Create | Villager (Male) |
| 2:36 | Create | Villager (Male) |
| 2:36 | Create | Villager (Male) |
| 3:27 | Create | Villager (Male) |
| 4:13 | Create | Villager (Male) |
| 4:23 | Create | Villager (Male) |
| 4:37 | Build | Lumber Camp |
| 4:39 | Create | Villager (Male) |
| 4:40 | Create | Villager (Male) |
| 5:01 | Create | Villager (Male) |
| 5:34 | Build | House |
| 5:36 | Build | House |
| 5:39 | Create | Villager (Male) |
| 5:44 | Create | Villager (Male) |
| 5:56 | Create | Villager (Male) |
| 6:17 | Build | House |
| 6:38 | Create | Villager (Male) |
| 6:43 | Build | House |
| 6:49 | Create | Villager (Male) |
| 6:52 | Create | Villager (Male) |
| 7:07 | Build | House |
| 7:08 | Build | House |
| 7:39 | Create | Villager (Male) |
| 8:08 | Create | Villager (Male) |
| 8:14 | Build | Mill |
| 8:23 | Create | Villager (Male) |
| 8:27 | Create | Villager (Male) |
| 9:29 | Build | Farm |
| 9:33 | Build | Farm |
| 10:11 | Build | Farm |
| 10:16 | Build | Farm |
| 10:21 | Create | Villager (Male) |
| 10:46 | Create | Villager (Male) |
| 10:50 | Build | Farm |
| 11:04 | Research | Feudal Age |
| 11:32 | Build | Mining Camp |
| 12:29 | Build | Barracks |
| 12:43 | Research | Loom |
| 12:46 | Create | Villager (Male) |
| 12:46 | Create | Villager (Male) |
| 13:23 | Age | Feudal Age |
| 13:34 | Build | Blacksmith |
| 13:38 | Create | Villager (Male) |
| 13:54 | Build | Stable |
| 14:07 | Build | Farm |
| 14:10 | Create | Villager (Male) |
| 14:12 | Build | Farm |
| 14:14 | Create | Villager (Male) |
| 14:25 | Research | Double-Bit Axe |
| 15:16 | Build | Stable |
| 15:22 | Create | Villager (Male) |
| 16:01 | Create | Villager (Male) |
| 16:21 | Research | Castle Age |
| 16:29 | Build | Mining Camp |
| 16:53 | Build | Farm |
| 16:56 | Build | Farm |
| 16:58 | Build | Farm |
| 16:59 | Build | Farm |
| 17:00 | Build | Farm |
| 17:07 | Research | Scale Barding Armor |
| 17:41 | Research | Forging |
| 17:58 | Build | Palisade Wall |
| 18:19 | Research | Wheelbarrow |
| 18:49 | Create | Villager (Male) |
| 18:49 | Create | Villager (Male) |
| 18:49 | Create | Villager (Male) |
| 18:50 | Age | Castle Age |
| 18:57 | Build | Town Center |
| 19:10 | Create | Villager (Male) |
| 19:10 | Create | Villager (Male) |
| 19:49 | Create | Villager (Male) |
| 20:14 | Build | Palisade Wall |
| 20:24 | Build | Palisade Wall |
| 20:28 | Create | Villager (Male) |
| 20:43 | Create | Knight |
| 20:43 | Create | Knight |
| 20:43 | Create | Knight |
| 20:55 | Create | Villager (Male) |
| 20:55 | Create | Villager (Male) |
| 21:31 | Create | Knight |
| 21:31 | Create | Knight |
| 21:32 | Create | Villager (Male) |
| 21:32 | Create | Villager (Male) |
| 22:10 | Create | Villager (Male) |
| 22:11 | Create | Villager (Male) |
| 22:11 | Create | Villager (Male) |
| 22:16 | Build | Town Center |
| 22:28 | Build | Farm |
| 22:30 | Build | Farm |
| 22:31 | Build | Farm |
| 22:33 | Build | Farm |
| 22:35 | Create | Villager (Male) |
| 22:47 | Create | Villager (Male) |
| 22:47 | Create | Villager (Male) |
| 22:50 | Build | Farm |
| 22:50 | Build | Farm |
| 23:12 | Build | Farm |
| 23:14 | Create | Villager (Male) |
| 23:22 | Create | Villager (Male) |
| 23:22 | Create | Villager (Male) |
| 23:33 | Build | House |
| 23:34 | Build | House |
| 23:34 | Build | House |
| 23:35 | Build | House |
| 23:36 | Build | House |
| 23:44 | Build | Farm |
| 23:46 | Create | Villager (Male) |
| 23:46 | Create | Villager (Male) |
| 23:46 | Create | Villager (Male) |
| 24:04 | Create | Villager (Male) |
| 24:05 | Create | Villager (Male) |
| 24:05 | Create | Villager (Male) |
| 24:14 | Build | Farm |
| 24:15 | Build | Farm |
| 24:20 | Build | Farm |
| 24:21 | Build | Farm |
| 24:22 | Create | Villager (Male) |
| 24:23 | Create | Villager (Male) |
| 24:32 | Create | Villager (Male) |
| 24:32 | Create | Villager (Male) |
| 24:37 | Build | Farm |
| 24:38 | Build | Farm |
| 24:57 | Build | Farm |
| 25:04 | Create | Villager (Male) |
| 25:05 | Create | Villager (Male) |
| 25:05 | Create | Villager (Male) |
| 25:15 | Create | Villager (Male) |
| 25:15 | Create | Villager (Male) |
| 25:22 | Build | Farm |
| 25:23 | Build | Farm |
| 25:25 | Build | Farm |
| 25:26 | Build | Farm |
| 25:27 | Build | Farm |
| 25:29 | Build | Farm |
| 25:36 | Build | Castle |
| 25:44 | Create | Villager (Male) |
| 25:44 | Create | Villager (Male) |
| 25:44 | Create | Villager (Male) |
| 25:48 | Research | Horse Collar |
| 25:52 | Build | Farm |
| 25:57 | Build | House |
| 25:58 | Build | House |
| 25:59 | Build | House |
Match timeline
| 6:52 | NY-HENRY · wall_segment Palisade Wall x3 |
| 7:34 | NY-HENRY · wall_segment Palisade Wall x10 |
| 8:44 | EcosMin7 · wall_segment Palisade Wall x2 |
| 10:14 | oveja83 · first_building Barracks |
| 10:40 | CDLP_Themachine · first_building Barracks |
| 11:51 | CDLP_Themachine · wall_segment Palisade Wall x5 |
| 12:06 | CDLP_Themachine · wall_segment Palisade Wall x1 |
| 12:29 | Bela · first_building Barracks |
| 13:01 | kpearcechauhann · first_building Barracks |
| 13:19 | oveja83 · age_up feudal |
| 13:21 | CDLP_Themachine · age_up feudal |
| 13:23 | Bela · age_up feudal |
| 13:23 | oveja83 · first_building Stable |
| 13:24 | CDLP_Themachine · first_building Stable |
| 13:30 | Darth MBAG · age_up feudal |
| 13:52 | NY-HENRY · age_up feudal |
| 13:54 | Bela · first_building Stable |
| 14:03 | kpearcechauhann · age_up feudal |
| 14:05 | louis.denayer · first_building Barracks |
| 14:32 | kpearcechauhann · first_building Stable |
| 15:01 | EcosMin7 · age_up feudal |
| 15:32 | louis.denayer · age_up feudal |
| 15:36 | EcosMin7 · first_building Barracks |
| 15:58 | NY-HENRY · wall_segment Stone Wall x4 |
| 16:32 | NY-HENRY · wall_segment Palisade Wall x6 |
| 16:33 | EcosMin7 · wall_segment Palisade Wall x5 |
| 16:41 | EcosMin7 · wall_segment Palisade Wall x10 |
| 17:25 | Darth MBAG · age_up castle |
| 17:58 | Bela · wall_segment Palisade Wall x11 |
| 18:01 | CDLP_Themachine · wall_segment Palisade Wall x18 |
| 18:08 | NY-HENRY · first_market_sell 500 wood |
| 18:11 | NY-HENRY · first_market_buy 100 stone |
| 18:41 | Darth MBAG · first_market_buy 100 wood |
| 18:47 | NY-HENRY · age_up castle |
| 18:50 | Bela · age_up castle |
| 18:53 | louis.denayer · first_building Stable |
| 18:56 | EcosMin7 · age_up castle |
| 18:58 | NY-HENRY · first_building Castle |
| 19:40 | EcosMin7 · wall_segment Palisade Wall x5 |
| 19:52 | EcosMin7 · wall_segment Palisade Wall x3 |
| 20:14 | Bela · wall_segment Palisade Wall x17 |
| 20:24 | Bela · wall_segment Palisade Wall x10 |
| 20:33 | CDLP_Themachine · wall_segment Palisade Wall x1 |
| 21:04 | EcosMin7 · first_building Dock |
| 21:08 | louis.denayer · wall_segment Palisade Wall x6 |
| 21:31 | NY-HENRY · first_building Siege Workshop |
| 21:40 | oveja83 · first_building Archery Range |
| 22:41 | CDLP_Themachine · wall_segment Palisade Wall x1 |
| 22:42 | CDLP_Themachine · wall_segment Palisade Wall x1 |
| 22:46 | EcosMin7 · first_building Monastery |
| 23:29 | CDLP_Themachine · age_up castle |
| 23:29 | kpearcechauhann · age_up castle |
| 23:36 | louis.denayer · age_up castle |
| 23:36 | EcosMin7 · first_market_buy 100 stone |
| 23:42 | Darth MBAG · first_building Barracks |
| 23:46 | Darth MBAG · first_building Siege Workshop |
| 24:55 | oveja83 · first_market_buy 100 stone |
| 25:36 | Bela · first_building Castle |
| 25:59 | CDLP_Themachine · first_market_buy 100 food |
| 26:09 | Darth MBAG · first_building Stable |
| 26:30 | EcosMin7 · wall_segment Palisade Wall x1 |
| 27:18 | EcosMin7 · wall_segment Stone Wall x4 |
| 27:56 | CDLP_Themachine · first_building Siege Workshop |
| 28:11 | EcosMin7 · first_building Castle |
| 28:26 | louis.denayer · first_building Siege Workshop |
| 28:39 | Darth MBAG · first_building Castle |
| 29:02 | EcosMin7 · wall_segment Stone Wall x6 |
| 29:37 | EcosMin7 · wall_segment Stone Wall x1 |
| 29:39 | EcosMin7 · wall_segment Stone Wall x1 |
| 29:44 | oveja83 · age_up castle |
| 30:28 | kpearcechauhann · first_building Castle |
| 32:52 | CDLP_Themachine · first_building Monastery |
| 33:05 | EcosMin7 · first_building Archery Range |
| 34:35 | Darth MBAG · first_building Archery Range |
| 34:37 | EcosMin7 · age_up imperial |
| 34:50 | Darth MBAG · age_up imperial |
| 35:06 | CDLP_Themachine · wall_segment Palisade Wall x9 |
| 35:28 | Bela · wall_segment Stone Wall x7 |
| 35:32 | EcosMin7 · first_building Siege Workshop |
| 35:46 | CDLP_Themachine · wall_segment Palisade Wall x1 |
| 35:51 | Bela · age_up imperial |
| 39:06 | NY-HENRY · first_building Barracks |
| 39:46 | CDLP_Themachine · first_market_sell 100 food |
| 40:33 | NY-HENRY · first_building Stable |
| 41:10 | Bela · first_building Archery Range |
| 41:17 | NY-HENRY · age_up imperial |
| 42:26 | louis.denayer · first_building Castle |
| 43:41 | Bela · first_building Siege Workshop |
| 43:49 | CDLP_Themachine · first_building Castle |
| 43:56 | oveja83 · first_building Siege Workshop |
| 46:24 | kpearcechauhann · age_up imperial |
| 47:32 | oveja83 · resign |
| 48:00 | louis.denayer · age_up imperial |
[ AI ANALYSIS · 1 CREDIT ]
What really happened in this match?
Wolo.gg analyzes every decision: build order, eco, micro, common mistakes by bracket. Personalized analysis on WhatsApp or Discord in 30 seconds.
Civ guide
Magyars
Perfil
Jugador #3300419